 Dungeon Crawl Stone Soup version 0.28.0 (webtiles) character file.

Game seed: 12736383301421441794

9935 anonymouscript the Nimble (level 11, -1/144 HPs)
             Began as a Deep Dwarf Necromancer on Feb 12, 2022.
             Was a High Priest of Jiyva.
             Killed from afar by a gargoyle (17 damage)
             ... with a stone arrow
             ... on level 11 of the Dungeon.
             The game lasted 01:17:06 (7181 turns).

anonymouscript the Nimble (Deep Dwarf Necromancer)  Turns: 7181, Time: 01:17:07

Health: -1/144     AC: 25    Str: 13    XL:     11   Next: 29%
Magic:  19/19      EV:  2    Int: 19    God:    Jiyva [*****.]
Gold:   81         SH:  0    Dex: 13    Spells: 3/22 levels left

rFire   x . .      SeeInvis .   B - +0 falchion (vorpal)
rCold   + . .      Faith    .   (no shield)
rNeg    . . .      Spirit   .   (armour currently unavailable)
rPois   +          Reflect  .   (helmet currently unavailable)
rElec   .          Harm     .   (cloak currently unavailable)
rCorr   +          Rampage  .   (gloves currently unavailable)
Will    +....      Clarity  +   (boots currently unavailable)
Stlth   +++....... NoTele   +   (no amulet)
HPRegen 1.44/turn               s - ring of ice
MPRegen 0.61/turn               (no ring)

@: tree-form, slimy
A: stationary, stasis, torment immunity, boosted hp, damage resistance, heal
wounds, sense surroundings 2, no regeneration, (iridescent scales 3), clarity,
(poison resistance), (eyeballs 1), (tendrils), (jelly sensing items), (engulf)
a: Heal Wounds, Renounce Religion, Oozemancy, Slimify


You were on level 11 of the Dungeon.
You worshipped Jiyva.
Jiyva was extremely pleased with you.
You were a tree.
You visited 1 branch of the dungeon, and saw 11 of its levels.

You collected 253 gold pieces.
You spent 172 gold pieces at shops.

Inventory:

Hand Weapons
 b - a +0 dagger
 i - a +2 dagger of venom
 l - a +4 quarterstaff of chaos
 p - a +3 vampiric spear
 q - a +0 hunting sling
 u - a +2 whip of flaming
 w - a +2 short sword of venom
 B - a +0 vorpal falchion (weapon)
Missiles
 c - 4 javelins
 k - 104 stones
 v - a throwing net
 E - 2 poisoned darts
 J - a curare-tipped dart
Armour
 a - a +0 robe
 e - a +0 leather armour
 f - a +0 troll leather armour (melded)
 m - a +2 cloak (melded)
 n - a +1 helmet (melded)
 x - a +0 ring mail
 C - a +0 ring mail
 G - a +1 animal skin
 M - a +0 pair of gloves (melded)
Magical Staves
 y - a staff of air
Jewellery
 r - a ring of fire
 s - a ring of ice (left branch)
 H - a ring of fire
 K - a ring of ice
Wands
 A - a wand of flame (19)
 F - a wand of polymorph (9)
 N - a wand of charming (6)
Scrolls
 d - a scroll of blinking {unknown}
 g - 2 scrolls of amnesia {unknown}
 h - 4 scrolls of identify {unknown}
 j - a scroll of fog {unknown}
 L - a scroll of vulnerability {unknown}
 O - a scroll of enchant armour
Potions
 o - 3 potions of attraction {unknown}
 t - a potion of degeneration {unknown}
 z - a potion of might {unknown}
 D - a potion of invisibility {unknown}


   Skills:
 + Level 5.4 Fighting
 + Level 5.9(6.2) Short Blades
 + Level 3.1(5.2) Long Blades
 + Level 2.3(2.9) Maces & Flails
 + Level 2.3(2.7) Staves
 - Level 0.2 Throwing
 + Level 6.1 Armour
 + Level 8.6 Dodging
 + Level 6.8 Stealth
 + Level 6.2 Spellcasting
 + Level 8.5 Necromancy
 + Level 1.0 Evocations


You had 3 spell levels left.
You knew the following spells:

 Your Spells              Type           Power      Damage    Failure   Level
a - Pain                  Necr           100%       1d9       1%          1
b - Animate Skeleton      Necr           76%        N/A       1%          1
c - Animate Dead          Necr           19%        N/A       3%          4
d - Vampiric Draining     Necr           38%        2d8       1%          3
e - Shock                 Conj/Air       20%        1d4       11%         1
f - Dispel Undead         Necr           38%        3d16      3%          4
g - Excruciating Wounds   Necr           19%        N/A       9%          5

Your spell library contained the following spells:

 Spells                   Type           Power      Damage    Failure   Level
 Scorch                   Fire           10%        2d6       17%         2
 Static Discharge         Conj/Air       5%         N/A       17%         2
 Ozocubu's Armour         Ice            8%         N/A       32%         3
 Portal Projectile        Hex/Tloc       10%        N/A       32%         3
 Swiftness                Air            5%         N/A       32%         3
 Agony                    Necr           38%        N/A       9%          5
 Airstrike                Air            2%         N/A       73%         4
 Flame Wave               Conj/Fire      5%         2d5       73%         4
 Leda's Liquefaction      Hex/Erth       2%         N/A       73%         4
 Sticky Flame             Conj/Fire      5%         2d3       73%         4
 Simulacrum               Ice/Necr       16%        N/A       96%         6
 Blade Hands              Tmut           2%         N/A       97%         5
 Lee's Rapid Deconstruct  Erth           2%         3d6*      97%         5
 Metabolic Englaciation   Hex/Ice        4%         N/A       97%         5
 Statue Form              Tmut/Erth      3%         N/A       100%        6
 Summon Cactus Giant      Summ           2%         N/A       100%        6


Dungeon Overview and Level Annotations

Branches:
Dungeon (11/15)              Lair (0/6) D:8             Orc (0/2) D:11
 Temple: D:4-7

Altars:
Fedhas
Trog
Vehumet
Wu Jian
Jiyva

Shops:
D:1 (=   D:6 *   D:7 *   D:8 [


Innate Abilities, Weirdness & Mutations

You are a tree.
Your roots penetrate the ground, keeping you stationary.
You cannot be teleported.
You are immune to unholy pain and torment.
Your maximum health is greatly increased.
Your equipment is partially melded.
You are resistant to damage.
You can heal yourself by infusing magical energy.
You passively map the area around you.
You do not regenerate.
((You are completely covered in iridescent scales. (AC +6)))
You possess an exceptional clarity of mind.
((Your system is resistant to poisons. (rPois)))
((Your body has grown eyes which may confuse attackers. (Acc +3)))
((You are covered in slimy tendrils that may disarm your opponents.))
((You have a small jelly attached to you that senses nearby items.))
((Your melee attacks may engulf your foes in ooze.))


Message History

The gargoyle is heavily damaged.
The centaur warrior zombie hits you.
The centaur warrior zombie kicks you but does no damage.
The gargoyle hits you but does no damage.
Unknown command.
You hit the gargoyle but do no damage.
The gargoyle is heavily damaged.
You feel less wooden.
Your +2 cloak unmelds from your body.
Your +1 helmet unmelds from your body.
Your +0 pair of gloves unmelds from your body.
Your +0 troll leather armour unmelds from your body.
The centaur warrior zombie hits you but does no damage.
The centaur warrior zombie kicks you. The gargoyle hits you with a +0 mace!
* * * LOW HITPOINT WARNING * * *
You hit the gargoyle but do no damage.
The gargoyle is heavily damaged.
The centaur warrior zombie hits you!
* * * LOW HITPOINT WARNING * * *
The centaur warrior zombie closely misses you.
The centaur warrior zombie hits you!
* * * LOW HITPOINT WARNING * * *
The centaur warrior zombie barely misses you.
The gargoyle barely misses you.
You hit the gargoyle but do no damage.
The gargoyle is heavily damaged.
The centaur warrior zombie hits you.
* * * LOW HITPOINT WARNING * * *
The centaur warrior zombie kicks you but does no damage.
The gargoyle barely misses you.
You turn into a tree.
Your +2 cloak melds into your body.
Your +1 helmet melds into your body.
Your +0 pair of gloves melds into your body.
Your +0 troll leather armour melds into your body.
Your roots penetrate the ground.
The centaur warrior zombie hits you but does no damage.
The centaur warrior zombie kicks you but does no damage.
You hear a distant slurping noise.
The gargoyle hurls a stone arrow at you.
The stone arrow hits you!!
You die...

................ * ,
*,, ................
, , ,,
................*
**#............* ,
,, #...)........ ,,
#######............
,
#..................
,
#.#######...9......,
#.#.... #..♣.......
,,
#.#.....#).Z...####
** , ,
##.#.....'......#,
#..#.....#......# ,,
#..#.... #......#
,,,, , ,,
#..#######......+ ,
,
#...............#∆,
,, ,
#......###'###..# ,
#......#.....#..#,,
,, ,


You could see a gargoyle (engulfed) and a centaur warrior zombie.

Vanquished Creatures
  2 two-headed ogres
  Nergalle (D:10)
  Pikel (D:5)
  An ugly thing (D:8)
  A cyclops (D:11)
  5 centaur zombies
  A gargoyle (D:10)
  4 trolls
  A hornet (D:10)
  Prince Ribbit (D:7)
  Sigmund (D:2)
  A shadow (D:10)
  A wyvern (D:10)
  Grum (D:7)
  3 steam dragons (D:8)
  4 vampire mosquitoes (D:11)
  A water moccasin (D:7)
  A black bear (D:6)
  An orc warrior (D:9)
  3 wolves (D:8)
  2 ogres
  2 necrophages
  3 centaurs
  2 phantoms
  2 lemures (D:5)
  A bullfrog (D:7)
  A kobold brigand (D:8)
  2 wyvern zombies
  4 scorpions
  4 killer bees
  A water moccasin skeleton (D:5)
  A howler monkey (D:8)
  4 electric eels
  9 hounds
  A gnoll shaman (D:7)
  3 orc priests
  Crazy Yiuf (D:2)
  Jessica (D:2)
  5 orc wizards
  A killer bee zombie (D:7)
  4 hound skeletons
  A howler monkey zombie (D:8)
  9 gnolls
  5 adders
  3 white imps
  2 worms (D:2)
  2 dart slugs
  18 orcs
  5 ball pythons
  A bat (D:2)
  2 endoplasms (D:1)
  3 giant cockroaches
  8 goblins
  6 hobgoblins
  3 quokkas
  6 frilled lizards
  6 kobolds
  2 rats (D:2)
171 creatures vanquished.

Vanquished Creatures (collateral kills)
  A two-headed ogre (D:10)
  An ogre (D:6)
  3 howler monkeys (D:10)
  An orc (D:10)
6 creatures vanquished.

Vanquished Creatures (others)
  Maurice (D:8)
  A wyvern (D:8)
  A wolf (D:8)
  An ogre (D:7)
  A centaur (D:10)
  Blork the orc (D:5)
  A scorpion (D:7)
  An electric eel (D:8)
  21 jellies
  2 hounds
  3 orc priests
  2 orc wizards
  2 adders
  A gnoll (D:7)
  An endoplasm (D:3)
  10 orcs
  A bat (D:3)
  A goblin (D:4)
  A hobgoblin (D:7)
  A ball python (D:4)
  A quokka skeleton (D:4)
55 creatures vanquished.

Grand Total: 232 creatures vanquished

Notes
Turn   | Place    | Note
-------+----------+-------------------------------------------
     0 | D:1      | anonymouscript the Deep Dwarf Necromancer began the quest
                  | for the Orb.
     0 | D:1      | Reached XP level 1. HP: 15/15 MP: 3/3
   243 | D:1      | Reached XP level 2. HP: 11/22 MP: 0/4
   504 | D:1      | Found Sexzamih's Jewellery Shop.
   645 | D:1      | Found Fifudwug's Weapon Shop.
   728 | D:1      | Found a faded altar of an unknown god.
   732 | D:1      | Prayed at the altar of an unknown god.
   732 | D:1      | Became a worshipper of Jiyva Jayje the Shapeless
   732 | D:1      | Reached * piety under Jiyva
   853 | D:2      | Reached skill level 5 in Necromancy
   895 | D:2      | Noticed Jessica
   904 | D:2      | Killed Jessica
   905 | D:2      | Reached XP level 3. HP: 28/28 MP: 3/6
   914 | D:2      | Learned a level 1 spell: Animate Skeleton
   916 | D:2      | Noticed Sigmund
   940 | D:2      | Killed Sigmund
   941 | D:2      | Reached XP level 4. HP: 35/36 MP: 2/9
   941 | D:2      | Reached XP level 5. HP: 41/42 MP: 2/10
  1081 | D:2      | Learned a level 4 spell: Animate Dead
  1353 | D:2      | Found a runed translucent door.
  1354 | D:2      | Noticed Crazy Yiuf
  1371 | D:2      | Killed Crazy Yiuf
  1468 | D:3      | Reached ** piety under Jiyva
  1558 | D:3      | Reached XP level 6. HP: 49/49 MP: 12/12
  1687 | D:3      | Reached skill level 1 in Armour
  1921 | D:3      | Learned a level 3 spell: Vampiric Draining
  1984 | D:3      | Reached *** piety under Jiyva
  2018 | D:3      | Reached skill level 1 in Short Blades
  2229 | D:4      | Gained mutation: You passively dampen the noise of your
                  | surroundings. [Jiyva's grace]
  2229 | D:4      | Gained mutation: Your melee attacks may engulf your foes in
                  | ooze. [Jiyva's grace]
  2229 | D:4      | Gained mutation: You have a small jelly attached to you
                  | that senses nearby items. [Jiyva's grace]
  2229 | D:4      | Gained mutation: You expend magic power (3 MP) to
                  | strengthen your wands. [Jiyva's grace]
  2789 | D:5      | Entered Level 5 of the Dungeon
  2806 | D:5      | Reached XP level 7. HP: 56/56 MP: 13/13
  2850 | D:5      | Reached **** piety under Jiyva
  2886 | D:5      | Learned a level 1 spell: Shock
  2970 | D:5      | Killed Blork the orc
  3023 | D:5      | Noticed Pikel
  3103 | D:5      | Killed Pikel
  3104 | D:5      | Reached skill level 1 in Fighting
  3109 | D:5      | Noticed a troll
  3308 | D:6      | Reached ***** piety under Jiyva
  3339 | D:6      | Reached XP level 8. HP: 54/67 MP: 15/15
  3389 | D:6      | Found Abodaunk's Assorted Antiques.
  3407 | D:6      | Reached skill level 5 in Spellcasting
  3458 | D:6      | Bought a shiny pearl ring for 140 gold pieces
  3539 | D:6      | Found a bloodstained altar of Trog.
  3620 | D:6      | Lost mutation: You expend magic power (3 MP) to strengthen
                  | your wands. [Jiyva's grace]
  3620 | D:6      | Lost mutation: Your melee attacks may engulf your foes in
                  | ooze. [Jiyva's grace]
  3620 | D:6      | Lost mutation: You passively dampen the noise of your
                  | surroundings. [Jiyva's grace]
  3620 | D:6      | Gained mutation: Your system is resistant to poisons.
                  | (rPois) [Jiyva's grace]
  3620 | D:6      | Gained mutation: You are covered in slimy tendrils that may
                  | disarm your opponents. [Jiyva's grace]
  3620 | D:6      | Gained mutation: Your melee attacks may engulf your foes in
                  | ooze. [Jiyva's grace]
  3620 | D:6      | Gained mutation: Your body has grown eyes which may confuse
                  | attackers. (Acc +3) [Jiyva's grace]
  3973 | D:7      | Reached skill level 1 in Maces & Flails
  3973 | D:7      | Gained mutation: You passively map the area around you.
                  | [Deep Dwarf growth]
  3973 | D:7      | Reached XP level 9. HP: 76/76 MP: 15/17
  4095 | D:7      | Noticed Grum
  4100 | D:7      | Killed Grum
  4141 | D:7      | Reached skill level 5 in Dodging
  4189 | D:7      | Noticed Prince Ribbit
  4214 | D:7      | Killed Prince Ribbit
  4229 | D:7      | Found Mirucace's Assorted Antiques.
  4324 | D:7      | Found a radiant altar of Vehumet.
  4462 | D:7      | Bought a scroll labelled KOG BIXKAOMEO for 32 gold pieces
  4709 | D:8      | Noticed Psyche
  4714 | D:8      | Noticed Maurice
  4720 | D:8      | Slimified Psyche
  4720 | D:8      | Noticed Psyche
  4745 | D:8      | Killed Maurice
  4746 | D:8      | Reached skill level 5 in Stealth
  4813 | D:8      | Noticed a red ugly thing
  4882 | D:8      | Found Koahybro's Armour Shoppe.
  4943 | D:8      | Reached skill level 1 in Long Blades
  5128 | D:8      | Reached skill level 1 in Staves
  5133 | D:8      | Reached XP level 10. HP: 61/86 MP: 18/18
  5138 | D:8      | Found a staircase to the Lair.
  5176 | D:8      | HP: 4/86 [red ugly thing (15)]
  5183 | D:8      | Killed a red ugly thing
  5184 | D:8      | Reached skill level 5 in Short Blades
  5184 | D:8      | Reached skill level 5 in Armour
  5754 | D:9      | Noticed a two-headed ogre
  5772 | D:10     | Entered Level 10 of the Dungeon
  5772 | D:10     | Noticed Nergalle
  5829 | D:10     | Killed Nergalle
  5841 | D:10     | Learned a level 4 spell: Dispel Undead
  5847 | D:10     | Learned a level 5 spell: Excruciating Wounds
  5918 | D:10     | Noticed a two-headed ogre
  5979 | D:9      | Killed a two-headed ogre
  5980 | D:9      | Reached skill level 1 in Evocations
  6033 | D:9      | Gained mutation: You possess an exceptional clarity of
                  | mind. [Jiyva's grace]
  6033 | D:9      | Gained mutation: You are partially covered in iridescent
                  | scales. (AC +2) [Jiyva's grace]
  6033 | D:9      | Gained mutation: You are mostly covered in iridescent
                  | scales. (AC +4) [Jiyva's grace]
  6033 | D:9      | Gained mutation: You are completely covered in iridescent
                  | scales. (AC +6) [Jiyva's grace]
  6170 | D:9      | Found a blossoming altar of Fedhas.
  6174 | D:9      | Found an ornate altar of the Wu Jian Council.
  6206 | D:9      | Reached skill level 5 in Fighting
  6440 | D:10     | Killed a two-headed ogre
  6479 | D:10     | Noticed a gargoyle
  6505 | D:10     | Reached XP level 11. HP: 94/94 MP: 20/20
  6619 | D:10     | Noticed a two-headed ogre
  6628 | D:10     | Killed a two-headed ogre
  7125 | D:11     | Found a staircase to the Orcish Mines.
  7181 | D:11     | Killed from afar by a gargoyle

Illustrated notes

Levels and vault maps discovered:
D:1:      erik_arrival_cave_to_civilisation [erik_arrival_cave_to_hall],
          layout_loops_cross, basic_ecumenical_altar, serial_shops,
          nicolae_shop_statue_plus, nicolae_shop_statue_plus,
          nicolae_shop_window_shopping, nicolae_shop_bloodbath_and_beyond,
          amcnicky_mini_corridor_feature, hex_medium
D:2:      layout_basic, uniq_jessica, uniq_sigmund, uniq_crazy_yiuf_cottage
D:3:      layout_basic, minmay_joined_circles
D:4:      layout_basic
D:5:      layout_layer_cave, temple_doors_cd, serial_park_tiny_1, uniq_pikel,
          uniq_blork_the_orc
D:6:      layout_gridville, old_standard_altar, serial_shops, shop
D:7:      layout_cave_pools, vehumet_altar_wand_db, serial_gnoll_camp,
          grums_kennel, gnoll_camp_mini_shop, gnoll_camp_mini_hut,
          gnoll_camp_mini_hut, gnoll_camp_mini_hut, minivault_27,
          minmay_crossroads, uniq_prince_ribbit1
D:8:      minmay_angry_zag, layout_loops_ring, erik_lair_island, enter_bailey_3,
          serial_shops, shop, serial_glass, glass_columns_c, glass_columns_b,
          due_unseen_surprise, item_on_display_a, feat_on_display, uniq_psyche,
          uniq_maurice
D:9:      layout_cave_pools, nicolae_overflow_squiral, dk_vineyard_3
D:10:     layout_loops_ring, uniq_nergalle
D:11:     layout_irregular_city, david_orc_3, portal_ice_cave_entry_pillars_2

Skill      XL: |  1  2  3  4  5  6  7  8  9 10 11 |
---------------+----------------------------------+-----
Spellcasting   | 2 3 4 5 6 |  6.2
Necromancy     | 5 6 7 8 |  8.5
Armour         | 2 4 5 6 |  6.1
Short Blades   | 1 2 3 4 5 |  5.9
Dodging        | 3 4 6 8 |  8.6
Stealth        | 3 5 6 |  6.8
Fighting       | 1 3 4 5 |  5.4
Maces & Flails | 1 2 |  2.3
Long Blades    | 1 3 |  3.1
Staves         | 1 2 |  2.3
Evocations     | 1 |  1.0
Throwing       | |  0.2

Action                   |  1- 3 |  4- 6 |  7- 9 | 10-12 || total
-------------------------+-------+-------+-------+-------++-------
Melee: Unarmed           |     3 |       |       |       ||     3
       Dagger            |     6 |   113 |   132 |   101 ||   352
       Punch             |       |     1 |     4 |     7 ||    12
       Short sword       |       |       |    98 |   107 ||   205
       Whip              |       |       |    32 |       ||    32
       Quarterstaff      |       |       |    20 |    47 ||    67
       Falchion          |       |       |     5 |    45 ||    50
Throw: Javelin           |     2 |     2 |       |       ||     4
 Cast: Pain              |    50 |    22 |    24 |    29 ||   125
       Animate Dead      |       |       |     3 |     1 ||     4
       Vampiric Draining |       |       |     7 |       ||     7
       Excruciating Woun |       |       |       |     2 ||     2
       Dispel Undead     |       |       |       |     1 ||     1
Invok: Oozemancy         |       |       |     1 |     3 ||     4
       Slimify           |       |       |     1 |     1 ||     2
 Abil: Heal Wounds       |       |       |       |     1 ||     1
Evoke: Wand              |       |       |     2 |     2 ||     4
  Use: Scroll            |       |       |     3 |     1 ||     4
       Potion            |       |       |       |     5 ||     5
 Stab: Sleeping          |       |     2 |     2 |     2 ||     6
       Confused          |       |       |     9 |     2 ||    11
       Paralysed         |       |       |     1 |       ||     1
Armor: Robe              |     4 |       |       |       ||     4
       Leather armour    |     1 |    40 |   174 |    12 ||   227
       Troll leather arm |       |       |       |   130 ||   130
       Skin              |       |       |       |    78 ||    78
Dodge: Dodged            |    21 |    68 |   307 |   269 ||   665
